 Dungeon Crawl Stone Soup version 0.28-a0-620-g539b0f7ac7 (webtiles) character file.

Game seed: 17460914031764160152

3432 robertstho the Thaumaturge (level 10, 0/75 HPs)
             Began as a Djinni Fire Elementalist on Oct 6, 2021.
             Was an Initiate of Gozag.
             Slain by a centaur warrior (5 damage)
             ... on level 8 of the Dungeon.
             The game lasted 00:13:30 (12079 turns).

robertstho the Thaumaturge (DjFE)                  Turns: 12079, Time: 00:13:30

Health: 0/75       AC:  4    Str: 13    XL:     10   Next: 25%
Gold:   779        EV: 13    Int: 20    God:    Gozag SH:  0 Dex: 17

rFire   + . .      SeeInvis .   h - +7 mace of Beyond {speed, Str+2}
rCold   x . .      Faith    .   (no shield)
rNeg    . . .      Spirit   .   r - +1 robe of Sorcery {rElec rF- Str+4 Dex+3}
rPois   ∞          Reflect  .   (helmet restricted)
rElec   +          Harm     .   p - +0 cloak
rCorr   .          Rampage  .   (no gloves)
Will    +....                   (boots unavailable)
Stlth   ++........              (no amulet)
HPRegen 0.22/turn               (no ring)
MPRegen 0.00/turn               (no ring)

@: about to teleport, attractive, flying
A: sickness immunity, fire resistance 2, cold vulnerability 1, float, innate
caster, hp casting, extra vitality 1, horns 1, robust 1, wild magic 1,
MP-powered wands
a: Renounce Religion, Potion Petition, Call Merchant, Bribe Branch


You were on level 8 of the Dungeon.
You worshipped Gozag.
Gozag was pleased with you.
You visited 1 branch of the dungeon, and saw 8 of its levels.

You collected 1086 gold pieces.
You spent 266 gold pieces at shops.
You paid 41 gold pieces to Gozag.

Inventory:

Hand Weapons
 c - a +0 short sword
 h - the +7 mace of Beyond (weapon) {speed, Str+2}
   (You found it on level 6 of the Dungeon)

   Attacks with this weapon are significantly faster.
   Str:       It affects your strength (+2).
Armour
 a - a +0 robe
 e - a +1 kite shield of reflection
 p - a +0 cloak (worn)
 r - the +1 robe of Sorcery (worn) {rElec rF- Str+4 Dex+3}
   (You bought it in a shop on level 1 of the Dungeon)

   Str:       It affects your strength (+4).
   Dex:       It affects your dexterity (+3).
   rF:        It makes you vulnerable to fire.
   rElec:     It insulates you from electricity.
Wands
 f - a wand of digging (6)
 g - a wand of mindburst (34)
 k - a wand of acid (6)
 n - a wand of iceblast (4)
Scrolls
 d - 3 scrolls of fog
 i - 3 scrolls of teleportation
 l - a scroll of magic mapping {unknown}
 q - a scroll of torment
 s - a scroll of immolation {unknown}
 t - a scroll of acquirement {unknown}
Potions
 o - a potion of attraction


   Skills:
 * Level 4.5 Fighting
 + Level 1.0 Short Blades
 + Level 0.8 Maces & Flails
 * Level 3.7 Armour
 + Level 3.2 Dodging
 + Level 2.8 Stealth
 * Level 3.6 Shields
 * Level 9.0 Spellcasting
 + Level 0.1 Evocations


You had 5 spell levels left.
You knew the following spells:

 Your Spells              Type           Power      Damage    Failure   Level
a - Foxfire               Conj/Fire      100%       2x1d9     1%          1
b - Scorch                Fire           100%       2d10      1%          2
c - Conjure Flame         Conj/Fire      55%        6-21      1%          3
d - Inner Flame           Hex/Fire       55%        N/A       1%          3
e - Flame Wave            Conj/Fire      55%        3d10      3%          4
f - Sting                 Tmut/Pois      100%       1d8       1%          1
g - Searing Ray           Conj           100%       2d8       1%          2
h - Ignite Poison         Fire/Tmut/Pois 55%        N/A       1%          3
i - Teleport Other        Tloc           55%        N/A       1%          3
Your spell library was empty.

Dungeon Overview and Level Annotations

Branches:
Dungeon (8/15)             Temple (0/1) D:4
   Lair: D:8-11

Altars:
Dithmenos
Elyvilon
Gozag
Uskayaw
Zin
The Shining One

Shops:
D:1 (([   D:4 ([[*

Annotations:
D:6 2 transporters, MikuNakano's ghost, novice BaIE


Innate Abilities, Weirdness & Mutations

You are immune to sickness and miasma.
You are immune to poison.
Your flesh is very heat resistant. (rF++)
You are vulnerable to cold. (rC-)
You float through the air rather than walking.
You learn spells naturally, not from books.
Your magical power is your life essence.
You have superior vitality. (+4 HP)
You have a pair of small horns on your head.
You are robust. (+10% HP)
Your spells are a little harder to cast, but a little more powerful.
You expend health (3 HP) to strengthen your wands.


Message History

You feel your magical essence link to the dungeon's wands.
A pair of horns grows on your head!
You feel robust.
You feel less in control of your magic.
The centaur warrior shoots an arrow.
The arrow hits you!!
It was a potion of attraction.
You feel attractive to monsters.
The centaur warrior unwields a +0 shortbow.
The centaur warrior hits you.
* * * LOW HITPOINT WARNING * * *
The centaur warrior misses you.
As you read the scroll of teleportation, it crumbles to dust.
You feel strangely unstable. The centaur warrior hits you.
* * * LOW HITPOINT WARNING * * *
The centaur warrior barely misses you.
Okay, then.
You sock the centaur warrior! You headbutt the centaur warrior.
The centaur warrior is moderately wounded.
The centaur warrior hits you but does no damage.
The centaur warrior kicks you.
* * * LOW HITPOINT WARNING * * *
Unknown command.
You hit the centaur warrior but do no damage.
You headbutt the centaur warrior, but do no damage.
The centaur warrior is moderately wounded.
The centaur warrior hits you.
* * * LOW HITPOINT WARNING * * *
The centaur warrior kicks you.
* * * LOW HITPOINT WARNING * * *
You sock the centaur warrior!
The centaur warrior is heavily wounded.
The centaur warrior closely misses you. The centaur warrior barely misses you.
The centaur warrior hits you but does no damage.
The centaur warrior kicks you.
* * * LOW HITPOINT WARNING * * *
Unknown command.
You closely miss the centaur warrior.
The centaur warrior is moderately wounded.
The centaur warrior hits you.
You die...
Your body crumbles into a pile of gold.

###### ##....# # #..##'## #
#(##...## # #.#.###.#
##########.#. #(#
........#..# #@# #####
####.......##$.c####(..##
####...########.......##
#..[.### #............#
###.#### #............#
....#########............#
.....))).............>..####
.#############....##.......#
.###### ##....#######....#


You could see a centaur warrior.

Vanquished Creatures
  Pikel (D:6)
  2 wyverns (D:8)
  Menkaure (D:5)
  2 water moccasins
  Duvessa (D:4)
  A black bear (D:4)
  2 necrophages
  2 ogres
  2 phantoms
  5 centaurs
  A lemure (D:6)
  2 kobold brigands (D:8)
  2 bullfrogs
  A water moccasin zombie (D:5)
  A wyvern skeleton (D:5)
  Dowan (D:4)
  2 howler monkeys
  A centaur zombie (D:7)
  A bullfrog zombie (D:5)
  Crazy Yiuf (D:6)
  4 centaur skeletons
  A hound (D:6)
  3 jellies (D:4)
  2 orc priests (D:6)
  2 bullfrog skeletons
  5 iguanas
  Ijyb (D:3)
  3 orc wizards
  A hound skeleton (D:5)
  A howler monkey skeleton (D:7)
  An adder (D:2)
  2 white imps
  4 dart slugs
  23 orcs
  6 endoplasms
  7 giant cockroaches
  7 goblins
  4 hobgoblins
  2 jackals (D:4)
  14 kobolds
  5 quokkas
  6 ball pythons
  4 bats
  2 frilled lizards
  3 rats
145 creatures vanquished.

Vanquished Creatures (others)
  226 foxfires
226 creatures vanquished.

Grand Total: 371 creatures vanquished

Notes
Turn   | Place    | Note
-------+----------+-------------------------------------------
     0 | D:1      | robertstho the Djinni Fire Elementalist began the quest for
                  | the Orb.
     0 | D:1      | Reached XP level 1. HP: 15/15 MP: 0/0
    60 | D:1      | Found Roept's Antique Armour Shoppe.
   529 | D:1      | Reached XP level 2. HP: 18/21 MP: 0/0
   953 | D:1      | Found Riuvusex's Weapon Shop.
  1066 | D:1      | Found Nygacuaf's Antique Weapon Boutique.
  1149 | D:1      | Reached skill level 3 in Spellcasting
  1202 | D:1      | Found a faded altar of an unknown god.
  1391 | D:2      | Reached XP level 3. HP: 12/25 MP: 0/0
  1391 | D:2      | Learned a level 1 spell: Sting
  2536 | D:2      | Reached XP level 4. HP: 16/31 MP: 0/0
  3009 | D:3      | Reached skill level 1 in Fighting
  3359 | D:3      | Noticed Ijyb
  3367 | D:3      | Killed Ijyb
  3628 | D:3      | Reached XP level 5. HP: 26/37 MP: 0/0
  3628 | D:3      | Learned a level 2 spell: Searing Ray
  3732 | D:3      | Found an opulent altar of Gozag.
  4025 | D:3      | Became a worshipper of Gozag Ym Sagoz the Greedy
  4144 | D:4      | Reached skill level 4 in Spellcasting
  4311 | D:4      | Noticed a centaur
  4315 | D:4      | Noticed Dowan
  4316 | D:4      | Killed a centaur
  4317 | D:4      | Reached XP level 6. HP: 19/43 MP: 0/0
  4344 | D:4      | Killed Dowan
  4645 | D:4      | Found Paukhlen's Assorted Antiques.
  4850 | D:4      | Noticed Duvessa
  4875 | D:4      | Found Kasozoj's Armour Emporium.
  4879 | D:4      | Bought a +1 kite shield of reflection for 135 gold pieces
  5019 | D:4      | Found Rehahi's Armour Emporium.
  5374 | D:4      | Found a staircase to the Ecumenical Temple.
  5388 | D:4      | Noticed a black bear
  5396 | D:4      | Killed a black bear
  5397 | D:4      | Reached XP level 7. HP: 21/49 MP: 0/0
  5397 | D:4      | Learned a level 3 spell: Ignite Poison
  5604 | D:4      | Found Gag Odd's Antique Weapon Boutique.
  6140 | D:4      | Killed Duvessa
  6141 | D:4      | Reached skill level 1 in Armour
  6141 | D:4      | Reached skill level 5 in Spellcasting
  6451 | D:4      | Reached skill level 1 in Shields
  6779 | D:5      | Entered Level 5 of the Dungeon
  6790 | D:5      | Reached XP level 8. HP: 47/55 MP: 0/0
  7017 | D:5      | Reached skill level 6 in Spellcasting
  7624 | D:5      | Noticed Menkaure
  7630 | D:5      | Killed Menkaure
  7636 | D:5      | Reached XP level 9. HP: 7/61 MP: 0/0
  7636 | D:5      | Learned a level 3 spell: Teleport Other
  8400 | D:1      | Bought a dull robe for 131 gold pieces
  8400 | D:1      | Identified the +1 robe of Sorcery {rElec rF- Str+4 Dex+3}
                  | (You bought it in a shop on level 1 of the Dungeon)
  8778 | D:6      | Reached skill level 7 in Spellcasting
  9296 | D:6      | Noticed Pikel
  9302 | D:6      | Killed Pikel
  9303 | D:6      | Reached skill level 1 in Short Blades
  9413 | D:6      | Found a runed translucent door.
  9414 | D:6      | Noticed Crazy Yiuf
  9421 | D:6      | Identified the +7 mace of Beyond {speed, Str+2}
  9440 | D:6      | Noticed an eight-headed hydra
  9442 | D:6      | Noticed MikuNakano's ghost (novice BaIE)
  9443 | D:6      | Found a transporter.
  9521 | D:6      | Found a transporter.
 10152 | D:6      | Killed Crazy Yiuf
 10153 | D:6      | Reached skill level 8 in Spellcasting
 10443 | D:7      | Found a glowing silver altar of Zin.
 10491 | D:7      | Reached XP level 10. HP: 18/68 MP: 0/0
 10987 | D:7      | Found a white marble altar of Elyvilon.
 10988 | D:7      | Found a glowing golden altar of the Shining One.
 11220 | D:7      | Found a shadowy altar of Dithmenos.
 11220 | D:7      | Found a hide-covered altar of Uskayaw.
 11825 | D:8      | Reached skill level 9 in Spellcasting
 12070 | D:8      | Noticed a centaur warrior
 12073 | D:8      | Gained mutation: You expend health (3 HP) to strengthen
                  | your wands. [potion of mutation]
 12073 | D:8      | Gained mutation: You have a pair of small horns on your
                  | head. [potion of mutation]
 12073 | D:8      | Gained mutation: You are robust. (+10% HP) [potion of
                  | mutation]
 12073 | D:8      | Gained mutation: Your spells are a little harder to cast,
                  | but a little more powerful. [potion of mutation]
 12079 | D:8      | Slain by a centaur warrior

Illustrated notes

Levels and vault maps discovered:
D:1:      giann_forest_graveyard, layout_basic,
          shapermc_ecumenical_altar_pompeii, serial_shops, shop, shop_statue,
          nicolae_shop_statue_plus
D:2:      layout_basic
D:3:      layout_basic, grunt_gozag_breadcrumbs, uniq_ijyb
D:4:      minmay_door_path, layout_basic, minmay_temple_entry_statues_pillars,
          serial_shops, kennysheep_mini_moat, nicolae_lakefront_shop, shop,
          shop, uniq_duvessa
D:5:      layout_cave_pools, uniq_menkaure
D:6:      gammafunk_ghost_arena, layout_loops_ring, uniq_crazy_yiuf_cottage,
          uniq_pikel
D:7:      layout_basic, good_gods_temple_1, gammafunk_temple_overflow_statue,
          chequers_ossuary_entry_cave, serial_curves, eino_curves_03,
          eino_curves_04
D:8:      layout_rooms, kennysheep_just_a_vault

Skill      XL: |  1  2  3  4  5  6  7  8  9 10 |
---------------+-------------------------------+-----
Spellcasting   | 3 4 5 6 8 9 |  9.0
Stealth        | 2 |  2.8
Fighting       | 1 2 3 4 |  4.5
Armour         | 1 2 3 |  3.7
Shields        | 1 2 3 |  3.6
Dodging        | 3 |  3.2
Short Blades   | 1 |  1.0
Maces & Flails | |  0.8
Evocations     | |  0.1

Action                   |  1- 3 |  4- 6 |  7- 9 | 10-12 || total
-------------------------+-------+-------+-------+-------++-------
Melee: Short sword       |    11 |    23 |    14 |       ||    48
       Mace              |       |       |    17 |    28 ||    45
       Headbutt          |       |       |       |     2 ||     2
 Cast: Foxfire           |    75 |       |    63 |       ||   138
       Scorch            |     9 |    44 |    88 |    23 ||   164
       Conjure Flame     |       |     1 |       |       ||     1
       Flame Wave        |       |       |     4 |     2 ||     6
Evoke: Wand              |       |     3 |       |       ||     3
  Use: Potion            |       |     4 |       |     4 ||     8
       Scroll            |       |       |     4 |     4 ||     8
 Stab: Sleeping          |       |     2 |     1 |       ||     3
       Distracted        |       |     1 |       |       ||     1
Armor: Robe              |     8 |     4 |    16 |    14 ||    42
       Skin              |       |     1 |       |       ||     1
Dodge: Dodged            |    17 |    28 |    60 |    31 ||   136
Block: Kite shield       |       |     8 |       |       ||     8

Table legend: (Time is in decaauts)
 A = Elapsed time spent in this place.
 B = Non-inter-level travel time spent in this place.
 C = Inter-level travel time spent in this place.
 D = Time resting spent in this place.
 E = Time spent auto-exploring this place.
 F = Levels seen in this place.
 G = Mean time per level.
                   A        B        C        D        E       F      G
               +--------+--------+--------+--------+--------+-----+--------+
         Total |  12064 |  11242 |    822 |   1290 |   8804 |   8 | 1508.0 |
       Dungeon |  12064 |  11242 |    822 |   1290 |   8804 |   8 | 1508.0 |
               +--------+--------+--------+--------+--------+-----+--------+

Top non-repeatable levels by time:
     D:4: 3035 daAuts
     D:6: 1807 daAuts
     D:2: 1780 daAuts
     D:1: 1357 daAuts
     D:5: 1208 daAuts
     D:3: 1179 daAuts
     D:7: 877 daAuts
     D:8: 817 daAuts
